 Dungeon Crawl Stone Soup version 0.30.0-18-gc0e69614cb (webtiles) character file.

Game seed: 16244353853580853946

974 olmar the Cudgeller (level 8, 0/59 (63) HPs)
             Began as a Gnoll Reaver on May 24, 2023.
             Was an Initiate of Gozag.
             Slain by an orc
             ... wielding a +0 hand axe
              (5 damage)
             ... on level 5 of the Dungeon.
             The game lasted 00:06:15 (4472 turns).

olmar the Cudgeller (Gnoll Reaver)                  Turns: 4472, Time: 00:06:16

HP:   0/59 (63)     AC:  3    Str:  8    XL:     8   Next: 16%
MP:   26/26         EV: 13    Int: 14    God:    Gozag
Gold: 256           SH:  0    Dex: 12    Spells: 13/19 levels left

rFire   + + .        q - +11 flail of Cheibriados's Grace {drain, rElec rF++ Str-5 Dex+2}
rCold   . . .        (no shield)
rNeg    . . .        b - +0 leather armour
rPois   .            (no helmet)
rElec   +            (no cloak)
rCorr   .            (no gloves)
SInv    .            (no boots)
Will    .....        (no amulet)
Stlth   ++           h - ring of magical power
HPRegen 0.29/turn    (no ring)
MPRegen 0.20/turn

%: no passive effects
@: lethally poisoned (0 -> -8), gold aura, immotile, drained
A: fangs 1, strong nose, distributed training
a: Renounce Religion, Potion Petition, Call Merchant, Bribe Branch


You were on level 5 of the Dungeon.
You worshipped Gozag.
Gozag was aware of your devotion.
You visited 2 branches of the dungeon, and saw 6 of its levels.

You collected 346 gold pieces.
You paid 90 gold pieces to Gozag.

Inventory:

Hand Weapons
 a - a +0 mace
 c - a +0 heavy flail
 i - a +1 scythe of flaming
 q - the +11 flail of Cheibriados's Grace (weapon) {drain, rElec rF++ Str-5 Dex+2}
   (You found it on level 4 of the Dungeon)

   Str:       It affects your strength (-5).
   Dex:       It affects your dexterity (+2).
   rF:        It greatly protects you from fire.
   rElec:     It insulates you from electricity.
 s - the +5 mace of the Enfolding Gods {elec, *Rage rElec rC++ Will+}
   (You found it on level 4 of the Dungeon)

   rC:        It greatly protects you from cold.
   rElec:     It insulates you from electricity.
   *Rage:     It berserks you when you make melee attacks (+20% chance).
   Will:      It increases your willpower.
Missiles
 f - 2 poisoned darts
Armour
 b - a +0 leather armour (worn)
Magical Staves
 o - a staff of poison
Jewellery
 h - a ring of magical power (left hand)
 r - a ring of fire
Scrolls
 d - 3 scrolls of immolation
 e - 2 scrolls of amnesia
 m - 2 scrolls of teleportation
 t - 2 scrolls of blinking {unknown}
Potions
 g - a potion of mutation
 k - a potion of haste {unknown}
 l - a potion of might {unknown}
 n - a potion of cancellation {unknown}


   Skills:
 + Level 5.6 Fighting
 + Level 3.1 Short Blades
 + Level 3.1 Long Blades
 + Level 3.1 Axes
 + Level 7.3 Maces & Flails
 + Level 3.1 Polearms
 + Level 3.1 Staves
 + Level 3.1 Ranged Weapons
 + Level 3.1 Throwing
 + Level 3.1 Armour
 + Level 5.6 Dodging
 + Level 3.1 Stealth
 + Level 3.1 Shields
 + Level 3.1 Unarmed Combat
 + Level 6.0 Spellcasting
 + Level 6.1 Conjurations
 + Level 2.5 Hexes
 + Level 2.5 Summonings
 + Level 2.5 Necromancy
 + Level 2.5 Translocations
 + Level 2.5 Transmutations
 + Level 2.5 Fire Magic
 + Level 2.5 Ice Magic
 + Level 2.5 Air Magic
 + Level 2.5 Earth Magic
 + Level 2.5 Poison Magic
 + Level 3.4 Invocations
 + Level 3.1 Evocations


You had 13 spell levels left.
You knew the following spells:

 Your Spells              Type           Power      Damage    Failure   Level
a - Kiss of Death         Conj/Necr      64%        2d10      3%          1
b - Momentum Strike       Conj/Tloc      32%        3d8       5%          2
c - Hailstorm             Conj/Ice       16%        3d6       11%         3

Your spell library contained the following spells:

 Spells                   Type           Power      Damage    Failure   Level


Dungeon Overview and Level Annotations

Branches:
Dungeon (5/15)             Temple (1/1) D:4

Altars:
Ashenzari
Cheibriados
Elyvilon
Fedhas
Gozag
Kikubaaqudgha
Makhleb
Nemelex Xobeh
Okawaru
Ru
Trog
Uskayaw
Xom
Yredelemnul
Zin

Annotations:
D:4 Pikel


Innate Abilities, Weirdness & Mutations

You have very sharp teeth.
Your uncanny sense of smell can sniff out nearby items.
Your experience applies equally to all skills.


Message History

Confirm with . or Enter, or press ? or * to list all spells.
Aiming: Momentum Strike (safe; 6% risk of failure)
Press: ? - help, Dir - move target, f/p - orc warrior
Aim: an orc warrior, wielding a +1 mace of venom and wearing a +0 chain mail (almost dead, heavily drained, 68% to hit)
The concentrated momentum hits the orc warrior.
You kill the orc warrior!
You are unable to move.
You feel very sick.
The orc is no longer distracted by gold.
The orc closely misses you. The orc barely misses you. The orc misses you. x2
The orc is distracted by your dazzling golden aura.
Your Spellcasting skill increases to level 6!
Unknown command.
Okay, then.
Okay, then.
The orc shouts!
You sock the orc!
You kill the orc!
* * * LOW HITPOINT WARNING * * *
You feel very sick.
The orc is distracted by your dazzling golden aura.
The orc hits you with a +0 dagger.
* * * LOW HITPOINT WARNING * * *
The orc hits you but does no damage.
The orc shouts!
Unknown command.
You closely miss the orc.
The orc is no longer distracted by gold.
* * * LOW HITPOINT WARNING * * *
You feel very sick. The orc closely misses you. The orc barely misses you. x2
Unknown command.
Unknown command.
It was a potion of magic.
Magic courses through your body.
* * * LOW HITPOINT WARNING * * *
You feel very sick.
The orc is no longer distracted by gold.
The orc hits you with a +0 hand axe.
You die...
Your body crumbles into a pile of gold.

∆ .. ..
5o####.# #
.......# .###
$.......#
##(..
.....##o!.#
#.$.#$88#$ #
#...#@$#...#
#...ooo$(...#
#...#..###?.#
#...#.## .
#...### #.<.#
#.........
#........h
##.######.


You could see 4 orcs.

Vanquished Creatures
  Sigmund (D:2)
  Menkaure (D:4)
  Duvessa (D:4)
  An orc warrior (D:5)
  An ogre (D:4)
  A lemure (D:4)
  3 scorpions
  Dowan (D:4)
  An orc priest (D:5)
  A hound (D:5)
  Terence (D:2)
  An iguana (D:4)
  An adder (D:4)
  A white imp (D:4)
  An ufetubus (D:4)
  A worm (D:3)
  2 dart slugs
  2 orcs
  5 endoplasms
  3 giant cockroaches
  5 goblins
  4 hobgoblins
  6 jackals
  2 quokkas
  4 ball pythons
  4 bats
  A frilled lizard (D:2)
  14 kobolds
  5 rats
75 creatures vanquished.

Notes
Turn   | Place    | Note
-------+----------+-------------------------------------------
     0 | D:1      | olmar the Gnoll Reaver began the quest for the Orb.
     0 | D:1      | Reached XP level 1. HP: 20/20 MP: 6/6
   278 | D:1      | Reached XP level 2. HP: 21/24 MP: 7/7
   356 | D:1      | You fall into a shaft and drop 1 floor!
   581 | D:2      | Reached skill level 5 in Spellcasting
   581 | D:2      | Reached XP level 3. HP: 30/31 MP: 7/9
   687 | D:2      | Learned a level 2 spell: Momentum Strike
   745 | D:2      | Noticed Terence
   852 | D:2      | Killed Terence
   853 | D:2      | Reached skill level 1 in Short Blades
   853 | D:2      | Reached skill level 1 in Long Blades
   853 | D:2      | Reached skill level 1 in Axes
   853 | D:2      | Reached skill level 1 in Polearms
   853 | D:2      | Reached skill level 1 in Staves
   853 | D:2      | Reached skill level 1 in Ranged Weapons
   853 | D:2      | Reached skill level 1 in Throwing
   853 | D:2      | Reached skill level 1 in Armour
   853 | D:2      | Reached skill level 1 in Stealth
   853 | D:2      | Reached skill level 1 in Shields
   853 | D:2      | Reached skill level 1 in Unarmed Combat
   853 | D:2      | Reached skill level 1 in Invocations
   853 | D:2      | Reached skill level 1 in Evocations
  1028 | D:2      | Noticed Sigmund
  1040 | D:2      | Killed Sigmund
  1041 | D:2      | Reached skill level 1 in Hexes
  1041 | D:2      | Reached skill level 1 in Summonings
  1041 | D:2      | Reached skill level 1 in Necromancy
  1041 | D:2      | Reached skill level 1 in Translocations
  1041 | D:2      | Reached skill level 1 in Transmutations
  1041 | D:2      | Reached skill level 1 in Fire Magic
  1041 | D:2      | Reached skill level 1 in Ice Magic
  1041 | D:2      | Reached skill level 1 in Air Magic
  1041 | D:2      | Reached skill level 1 in Earth Magic
  1041 | D:2      | Reached skill level 1 in Poison Magic
  1041 | D:2      | Reached XP level 4. HP: 6/38 MP: 7/11
  1041 | D:2      | Reached XP level 5. HP: 7/43 MP: 7/12
  1580 | D:3      | Reached XP level 6. HP: 48/50 MP: 13/13
  1663 | D:3      | Identified the +9 dagger "Liewk" {protect, Fly rPois Int-5
                  | Dex+5}
  1740 | D:3      | Reached skill level 5 in Fighting
  1740 | D:3      | Reached skill level 5 in Dodging
  2205 | D:3      | Found a faded altar of an unknown god.
  2433 | D:4      | Noticed Menkaure
  2440 | D:4      | Killed Menkaure
  2594 | D:4      | Reached skill level 7 in Maces & Flails
  2594 | D:4      | Reached XP level 7. HP: 56/56 MP: 15/15
  2616 | D:4      | Identified the +11 flail of Cheibriados's Grace {drain,
                  | rElec rF++ Str-5 Dex+2}
  2809 | D:4      | Noticed Dowan
  2810 | D:4      | Noticed Duvessa
  2823 | D:4      | Found a staircase to the Ecumenical Temple.
  2832 | Temple   | Entered the Ecumenical Temple
  3096 | Temple   | Became a worshipper of Gozag Ym Sagoz the Greedy
  3131 | D:4      | Identified the +5 mace of the Enfolding Gods {elec, *Rage
                  | rElec rC++ Will+}
  3318 | D:4      | Found a sparkling altar of Nemelex Xobeh.
  3318 | D:4      | Noticed Pikel
  3748 | D:4      | Learned a level 3 spell: Hailstorm
  3823 | D:4      | Killed Dowan
  3855 | D:4      | Killed Duvessa
  4253 | D:4      | Found a broken altar of Ashenzari.
  4254 | D:4      | Found a white marble altar of Elyvilon.
  4254 | D:4      | Found a shimmering altar of Xom.
  4454 | D:5      | Entered Level 5 of the Dungeon
  4460 | D:5      | Reached XP level 8. HP: 62/63 MP: 16/16
  4472 | D:5      | Slain by an orc

Illustrated notes

Levels and vault maps discovered:
D:1:      co_arrival_square_in_a_square_in_a_square, layout_basic
D:2:      layout_loops_cross, uniq_sigmund, uniq_terence
D:3:      layout_basic, serial_curves, eino_curves_03, eino_curves_04,
          hellmonk_ecumenical_altar_heavens_door, minmay_misc_feat_secret_circle
D:4:      layout_layer_cave, gammafunk_temple_overflow_claw,
          nemelex_spade_bored_becter, minmay_temple_entry_arrows,
          minmay_goblin_kobold_house, uniq_duvessa, uniq_pikel, uniq_menkaure
D:5:      layout_loops_ring, nicolae_zen_rock_garden, guppyfry_early_orc_mine
Temple:   nicolae_temple_bog_church

Skill      XL: |  1  2  3  4  5  6  7  8 |
---------------+-------------------------+-----
Spellcasting   | 5 6 |  6.0
Short Blades   | 1 2 3 |  3.1
Long Blades    | 1 2 3 |  3.1
Axes           | 1 2 3 |  3.1
Polearms       | 1 2 3 |  3.1
Staves         | 1 2 3 |  3.1
Ranged Weapons | 1 2 3 |  3.1
Throwing       | 1 2 3 |  3.1
Armour         | 1 2 3 |  3.1
Stealth        | 1 2 3 |  3.1
Shields        | 1 2 3 |  3.1
Unarmed Combat | 1 2 3 |  3.1
Invocations    | 2 3 |  3.4
Evocations     | 1 2 3 |  3.1
Hexes          | 1 2 |  2.5
Summonings     | 1 2 |  2.5
Necromancy     | 1 2 |  2.5
Translocations | 1 2 |  2.5
Transmutations | 1 2 |  2.5
Fire Magic     | 1 2 |  2.5
Ice Magic      | 1 2 |  2.5
Air Magic      | 1 2 |  2.5
Earth Magic    | 1 2 |  2.5
Poison Magic   | 1 2 |  2.5
Fighting       | 5 |  5.6
Dodging        | 5 |  5.6
Maces & Flails | 7 |  7.3
Conjurations   | 6 |  6.1

Action                     |  1- 3 |  4- 6 |  7- 9 || total
---------------------------+-------+-------+-------++-------
  Melee: Mace              |    86 |    48 |       ||   134
         Bite              |     7 |     7 |     7 ||    21
         Punch             |       |     4 |     2 ||     6
         Flail             |       |    12 |    75 ||    87
   Cast: Kiss of Death     |     3 |     1 |     2 ||     6
         Momentum Strike   |     2 |     3 |     4 ||     9
    Use: Potion            |     2 |       |     2 ||     4
         Scroll            |       |     4 |     5 ||     9
   Stab: Sleeping          |       |     4 |     1 ||     5
 Armour: Leather armour    |    21 |    13 |    12 ||    46
  Dodge: Dodged            |    64 |    36 |    54 ||   154
